 Dungeon Crawl Stone Soup version 0.32-a0-433-g08bcfe7efd (webtiles) character file.

Game seed: 6963874011650220778

3495 Bravepunisher the Pandemonic (level 9, 0/44 HPs)
             Began as a Spriggan Monk on Feb 22, 2024.
             Was a High Priest of Makhleb.
             Slain by Maurice
             ... wielding a +0 short sword of venom
              (3 damage)
             ... on level 9 of the Dungeon.
             The game lasted 00:24:52 (5882 turns).

Bravepunisher the Pandemonic (Spriggan Monk)        Turns: 5882, Time: 00:24:58

Health: 0/44       AC:  3    Str:  6 (7)  XL:     9   Next: 80%
Magic:  15/18      EV: 20    Int:  9 (12) God:    Makhleb [*****.]
Gold:   342        SH:  0    Dex: 25 (27) Spells: 8/8 levels left

rFire   . . .        l - +5 trident (venom)
rCold   . . .        (shield currently unavailable)
rNeg    . . .        q - +0 troll leather armour
rPois   +            (helmet restricted)
rElec   .            (no cloak)
rCorr   .            (gloves unavailable)
SInv    +            (boots unavailable)
Will    ++...        s - amulet of faith
Stlth   ++           g - +6 ring of dexterity
HPRegen 1.07/turn    v - ring of poison resistance
MPRegen 0.16/turn

%: faith
@: lethally poisoned (0 -> -5), attractive, enlightened, flying, very quick
A: very small, no large weapons, unfitting armour, see invisible, speed 3
a: Renounce Religion, Minor Destruction, Lesser Servant of Makhleb, Major
Destruction, Greater Servant of Makhleb


You were on level 9 of the Dungeon.
You worshipped Makhleb.
Makhleb was extremely pleased with you.
You visited 2 branches of the dungeon, and saw 10 of its levels.

You collected 398 gold pieces.
You spent 56 gold pieces at shops.

Inventory:

Hand Weapons
 l - a +5 trident of venom (weapon)
Armour
 q - a +0 troll leather armour (worn)
Jewellery
 g - a +6 ring of dexterity (left hand)
 s - an amulet of faith (around neck)
 v - a ring of poison resistance (right hand)
Wands
 B - a wand of flame (24)
 D - a wand of quicksilver (12)
Scrolls
 d - 5 scrolls of identify {unknown}
 e - 2 scrolls of vulnerability {unknown}
 f - 2 scrolls of fear {unknown}
 i - 4 scrolls of poison {unknown}
 j - a scroll of enchant weapon {unknown}
 n - 5 scrolls of teleportation {unknown}
 p - 3 scrolls of enchant armour {unknown}
 r - 3 scrolls of immolation {unknown}
 x - a scroll of noise {unknown}
 y - a scroll of revelation {unknown}
Potions
 b - a potion of lignification {unknown}
 c - a potion of ambrosia
 h - a potion of enlightenment
 k - a potion of attraction
 m - a potion of degeneration
 o - a potion of cancellation {unknown}
 z - a potion of berserk rage {unknown}
 A - a potion of mutation {unknown}
 C - a potion of haste {unknown}


   Skills:
 - Level 3.1 Fighting
 - Level 3.2 Short Blades
 + Level 4.7 Armour
 - Level 5.3 Dodging
 + Level 3.2 Shields
 * Level 10.9 Invocations
 + Level 0.7 Evocations


You had 8 spell levels left.
You didn't know any spells.
Your spell library contained the following spells:

 Spells                   Type           Power      Damage    Failure   Level
 Call Imp                 Summ           0%         N/A       65%         2
 Cigotuvi's Dreadful Rot  Necr/Alch/Air  0%         N/A       65%         2
 Ensorcelled Hibernation  Hex/Ice        0%         N/A       65%         2
 Lesser Beckoning         Tloc           0%         N/A       65%         2
 Sublimation of Blood     Necr           0%         N/A       65%         2
 Gell's Gravitas          Tloc           0%         N/A       87%         3
 Passwall                 Erth           0%         N/A       87%         3
 Swiftness                Air            0%         N/A       87%         3
 Teleport Other           Tloc           0%         N/A       87%         3
 Dispel Undead            Necr           0%         3d6       99%         4
 Martyr's Knell           Necr/Summ      0%         N/A       99%         4
 Death Channel            Necr           0%         N/A       100%        6
 Summon Hydra             Summ           0%         N/A       100%        7


Dungeon Overview and Level Annotations

Branches:
Dungeon (9/15)             Temple (1/1) D:4
   Lair: D:8-11         Orc: D:9-12

Altars:
Ashenzari
Cheibriados
Dithmenos
Fedhas
Gozag
Kikubaaqudgha
Makhleb
Nemelex Xobeh
Okawaru
Qazlal
Ru
Sif Muna
Trog
Uskayaw
Vehumet
Wu Jian
Xom
Yredelemnul
Zin

Shops:
D:2 [   D:5 *

Annotations:
D:4 Sigmund
D:9 Maurice


Innate Abilities, Weirdness & Mutations

You are very small and have problems with some larger weapons.
You are too small for most types of armour.
You have supernaturally acute eyesight. (SInv)
You cover ground extremely quickly. (Speed+++)


Message History

Maurice drains your magic.
You hit Maurice.
Maurice looks as sick as possible!
Maurice is moderately wounded.
Maurice zaps a wand.
The bolt of dispelling energy misses you.
Unknown command.
You barely miss Maurice.
Maurice is moderately wounded.
Maurice zaps a wand.
The bolt of dispelling energy hits you!
Unknown command.
You hit Maurice.
Maurice looks as sick as possible!
Maurice is heavily wounded.
Maurice hits you with a +0 short sword of venom.
Maurice steals your +0 buckler!
Maurice wears a +0 buckler.
You are poisoned.
Maurice closely misses you.
Maurice hits you with a +0 short sword of venom.
* * * LOW HITPOINT WARNING * * *
Maurice steals your ring of protection from fire!
Maurice puts on a ring of protection from fire.
You are lethally poisoned!
Maurice closely misses you.
It was a potion of enlightenment.
You feel very buoyant.
You fly up into the air.
* * * LOW HITPOINT WARNING * * *
You feel very sick. Maurice completely misses you. x2
It was a potion of attraction.
You feel attractive to monsters.
* * * LOW HITPOINT WARNING * * *
You feel very sick. Maurice completely misses you. Maurice barely misses you.
It was a potion of degeneration.
There was something very wrong with that liquid.
You feel weakened.
You feel dopey.
You feel clumsy.
* * * LOW HITPOINT WARNING * * *
You feel very sick.
Maurice hits you with a +0 short sword of venom.
You die...

#.......#
#.......#
#.......#
#.......#
#.......#
#.......#
#.......#
#.....f.#
#....@3.#
#.....<.#
#.......#
#.=.....#
##....#########
#....#.......#
#....'.......#
#....#########
######


You could see Maurice (invisible, extremely poisoned) and a friendly smoke demon
(summoned).

Vanquished Creatures
  Grum (D:8)
  A wyvern (D:9)
  2 water moccasins
  3 ice beasts
  A black bear (D:4)
  2 ogres
  3 wolves (D:8)
  A phantom (D:5)
  2 bullfrogs (D:6)
  2 gnoll sergeants
  6 wights
  7 killer bees (D:8)
  2 bombardier beetles
  5 howler monkeys
  An electric eel (D:7)
  3 jellies
  6 hounds
  5 orc priests
  4 iguanas
  7 orc wizards
  12 gnolls
  5 adders
  2 shadow imps
  An ufetubus (D:6)
  A ribbon worm (D:2)
  15 orcs
  3 ball pythons
  3 endoplasms
  5 giant cockroaches
  10 goblins
  5 hobgoblins
  12 jackals
  6 quokkas
  5 bats
  6 kobolds
  5 rats
160 creatures vanquished.

Vanquished Creatures (collateral kills)
  An orc (D:9)
1 creature vanquished.

Grand Total: 161 creatures vanquished

Notes
Turn   | Place    | Note
-------+----------+-------------------------------------------
     0 | D:1      | Bravepunisher the Spriggan Monk began the quest for the
                  | Orb.
     0 | D:1      | Reached XP level 1. HP: 11/11 MP: 2/2
    74 | D:2      | Found a faded altar of an unknown god.
   101 | D:3      | Found a blossoming altar of Fedhas.
   110 | D:4      | Noticed Sigmund
   110 | D:4      | Noticed an ogre
   116 | D:5      | Entered Level 5 of the Dungeon
   123 | D:5      | Noticed a bombardier beetle
   131 | D:4      | Noticed a black bear
   142 | D:4      | Found a staircase to the Ecumenical Temple.
   150 | Temple   | Entered the Ecumenical Temple
   172 | Temple   | Became a worshipper of Makhleb the Destroyer
   172 | Temple   | Reached * piety under Makhleb
   172 | Temple   | Reached ** piety under Makhleb
   202 | D:4      | Reached XP level 2. HP: 14/16 MP: 3/3
   272 | D:4      | Killed an ogre
   273 | D:4      | Reached skill level 5 in Dodging
   273 | D:4      | Reached skill level 2 in Invocations
   273 | D:4      | Reached XP level 3. HP: 19/20 MP: 3/5
   273 | D:4      | Reached XP level 4. HP: 23/24 MP: 3/6
   987 | D:1      | You fall into a shaft and drop 1 floor!
  1000 | D:2      | Reached skill level 3 in Invocations
  1000 | D:2      | Reached XP level 5. HP: 28/28 MP: 8/8
  1120 | D:2      | Reached *** piety under Makhleb
  1513 | D:2      | Found Suacoip's Antique Armour Shop.
  1566 | D:3      | Reached skill level 4 in Invocations
  1610 | D:3      | Found a sacrificial altar of Ru.
  1963 | D:4      | Reached XP level 6. HP: 24/32 MP: 10/10
  2098 | D:4      | Reached skill level 5 in Invocations
  2366 | D:5      | Found Weguff's Assorted Antiques.
  2469 | D:5      | Bought a scroll labelled HOAGGO CEESA for 28 gold pieces
  2469 | D:5      | Bought a scroll labelled TOPPATSINN for 28 gold pieces
  2537 | D:5      | Reached skill level 6 in Invocations
  2562 | D:5      | Reached XP level 7. HP: 36/36 MP: 12/12
  2638 | D:5      | Found a radiant altar of Vehumet.
  2724 | D:5      | Reached skill level 1 in Armour
  2773 | D:5      | Reached skill level 7 in Invocations
  2869 | D:5      | Reached **** piety under Makhleb
  2911 | D:5      | Found a bloodstained altar of Trog.
  3066 | D:6      | Reached XP level 8. HP: 26/40 MP: 14/14
  3100 | D:6      | Reached skill level 8 in Invocations
  3563 | D:6      | Reached skill level 9 in Invocations
  3614 | D:6      | Reached skill level 1 in Shields
  4039 | D:7      | Found a basalt altar of Yredelemnul.
  4294 | D:7      | Reached XP level 9. HP: 37/44 MP: 17/17
  5018 | D:8      | Reached ***** piety under Makhleb
  5046 | D:8      | Reached skill level 10 in Invocations
  5381 | D:8      | Noticed Grum
  5427 | D:8      | HP: 1/44 [wolf[Grum] (5)]
  5452 | D:8      | Killed Grum
  5569 | D:8      | Found an ancient bone altar of Kikubaaqudgha.
  5730 | D:9      | Noticed a troll
  5734 | D:9      | Noticed a two-headed ogre
  5820 | D:9      | Noticed Maurice
  5873 | D:9      | Maurice stole 24 gold
  5874 | D:9      | Maurice stole a throwing net
  5879 | D:9      | Maurice stole a +0 buckler
  5879 | D:9      | Maurice stole a ring of protection from fire
  5882 | D:9      | Slain by Maurice

Illustrated notes

Levels and vault maps discovered:
D:1:      minmay_arrival_solitary_statue, layout_rooms, hangedman_feature_mirror
D:2:      layout_rooms, nicolae_ecumenical_pavilion, serial_shops,
          nicolae_shop_real_fake_doors
D:3:      layout_rooms, mainiacjoe_overflow_six_doors_small, old_standard_altar
D:4:      layout_basic, minmay_temple_entry_hall, uniq_sigmund
D:5:      layout_rooms, trog_book, nicolae_overflow_hidden_temple, serial_shops,
          shop
D:6:      minmay_evil_eye, layout_loops_cross, chequers_serial_rivers_small_a
D:7:      layout_cave_pods, lemuel_tele_altar, serial_park,
          serial_park_tiny_pond, serial_park_paths
          [serial_park_minivault_5x5_8], ebering_dispersal_statue_hall
D:8:      nicolae_hitomezashi [nicolae_hito_row, nicolae_hito_row,
          nicolae_hito_row, nicolae_hito_row, nicolae_hito_row,
          nicolae_hito_row, nicolae_hito_row, nicolae_hito_row,
          nicolae_hito_row, nicolae_hito_row, nicolae_hito_row,
          nicolae_hito_row, nicolae_hito_row, nicolae_hito_row,
          nicolae_hito_row, nicolae_hito_row, nicolae_hito_row,
          nicolae_hito_row], layout_basic, kiku_gazebo_garden_becter,
          serial_library_regret_index_multi, uniq_grum
D:9:      minmay_the_grid_octo_triangle [minmay_the_grid_octo_clover_2,
          minmay_the_grid_octo_prize_ultimate_mussel_roller,
          minmay_the_grid_octo_fan_narrow], layout_gridville, orc_0_dummy,
          uniq_maurice
Temple:   nicolae_temple_figure_eight

Skill      XL: |  1  2  3  4  5  6  7  8  9 |
---------------+----------------------------+-----
Fighting       | 3 |  3.1
Dodging        | 5 |  5.3
Invocations    | 2 3 4 6 7 9 10 | 10.9
Armour         | 2 3 4 |  4.7
Shields        | 1 3 |  3.2
Short Blades   | |  3.2
Evocations     | |  0.7

Action                     |  1- 3 |  4- 6 |  7- 9 || total
---------------------------+-------+-------+-------++-------
  Melee: Short sword       |    44 |    22 |       ||    66
         Dagger            |       |     2 |    11 ||    13
         Spear             |       |       |    52 ||    52
         Trident           |       |       |    19 ||    19
 Invoke: Minor Destruction |    14 |   155 |   246 ||   415
         Lesser Servant of |       |       |     2 ||     2
    Use: Potion            |       |       |     7 ||     7
   Stab: Sleeping          |       |     1 |       ||     1
 Armour: Robe              |     9 |     8 |       ||    17
         Troll leather arm |       |     3 |    74 ||    77
  Dodge: Dodged            |    54 |    61 |   172 ||   287

Table legend: (Time is in decaauts)
 A = Elapsed time spent in this place.
 B = Non-inter-level travel time spent in this place.
 C = Inter-level travel time spent in this place.
 D = Time resting spent in this place.
 E = Time spent auto-exploring this place.
 F = Levels seen in this place.
 G = Mean time per level.
                   A        B        C        D        E       F      G
               +--------+--------+--------+--------+--------+-----+--------+
         Total |   4055 |   3834 |    221 |    133 |   2485 |  10 |  405.5 |
       Dungeon |   4028 |   3832 |    196 |    133 |   2485 |   9 |  447.6 |
        Temple |     27 |      3 |     24 |      0 |      0 |   1 |   27.0 |
               +--------+--------+--------+--------+--------+-----+--------+

Top non-repeatable levels by time:
     D:7: 636 daAuts
     D:8: 621 daAuts
     D:6: 592 daAuts
     D:4: 541 daAuts
     D:5: 458 daAuts
     D:1: 372 daAuts
     D:2: 369 daAuts
     D:3: 330 daAuts
     D:9: 106 daAuts
  Temple: 27 daAuts
